 Dungeon Crawl Stone Soup version 0.28-a0-312-gbced6e68ee (webtiles) character file.

Game seed: 11106801653000988503

65 Smaepdii the Chopper (level 3, -1/34 HPs)
             Began as a Minotaur Berserker on Aug 31, 2021.
             Was a Follower of Trog.
             Succumbed to an adder's poison
             ... on level 2 of the Dungeon.
             The game lasted 00:02:29 (1399 turns).

Smaepdii the Chopper (Minotaur Berserker)           Turns: 1399, Time: 00:02:30

Health: -1/34      AC:  2    Str: 22    XL:     3   Next: 92%
Magic:  2/2        EV: 12    Int:  4    God:    Trog [*.....]
Gold:   68         SH:  0    Dex:  9    Spells: 2/2 levels left

rFire   . . .      SeeInvis .   a - +0 hand axe
rCold   . . .      Faith    .   (no shield)
rNeg    . . .      Spirit   .   b - +0 animal skin
rPois   .          Reflect  .   (helmet restricted)
rElec   .          Harm     .   (no cloak)
rCorr   .          Rampage  .   (no gloves)
Will    .....                   (no boots)
Stlth   +.........              (no amulet)
HPRegen 0.11/turn               (no ring)
MPRegen 0.08/turn               (no ring)

@: lethally poisoned (-1 -> -7)
A: horns 2, retaliatory headbutt
a: Renounce Religion, Berserk


You were on level 2 of the Dungeon.
You worshipped Trog.
Trog was aware of your devotion.
You visited 1 branch of the dungeon, and saw 2 of its levels.

You collected 68 gold pieces.

Inventory:

Hand Weapons
 a - a +0 hand axe (weapon)
Missiles
 c - 17 stones (quivered)
 h - 3 boomerangs
Armour
 b - a +0 animal skin (worn)
Scrolls
 f - a scroll of enchant armour {unknown}
 j - a scroll of silence {unknown}
Potions
 d - a potion of attraction {unknown}
 e - 2 potions of might {unknown}
 g - a potion of heal wounds {unknown}
 i - a potion of degeneration {unknown}


   Skills:
 + Level 4.4 Fighting
 * Level 5.2 Axes
 - Level 2.4 Armour
 - Level 2.1 Dodging


You had 2 spell levels left.
You didn't know any spells.
Your spell library was empty.

Dungeon Overview and Level Annotations

Branches:
Dungeon (2/15)

Altars:
Ru


Innate Abilities, Weirdness & Mutations

You have a pair of horns on your head.
You reflexively headbutt those who attack you in melee.


Message History

The adder is lightly wounded.
You feel sick. The adder bites you.
You are more poisoned.
The adder poisons you!
You miss the adder.
The adder is lightly wounded.
You feel sick. The adder closely misses you. The adder bites you.
You closely miss the adder.
The adder is lightly wounded.
You feel sick. The adder bites you.
You are more poisoned.
The adder poisons you!
Okay, then.
You feel sick.
You feel sick. The adder closely misses you.
You feel sick.
You feel sick. The adder bites you.
* * * LOW HITPOINT WARNING * * *
You are more poisoned.
The adder poisons you!
You feel sick.
You feel sick.
You feel sick.
You feel sick. The adder completely misses you. You furiously retaliate!
You headbutt the adder.
You feel sick.
You feel sick.
Items here: ) [[ †.
You feel sick.
You are no longer poisoned.
Things that are here:
a +0 club; a +0 club The adder bites you.
* * * LOW HITPOINT WARNING * * *
You are lethally poisoned!
The adder poisons you!
There is a stone staircase leading up, spattered with blood here.
You closely miss the adder.
The adder is heavily wounded.
You die...

############ ...........#
####### ..........)#
#.....## ...........#
#......#
.........)@###.._...##
.........).S)........#
.......)[............####
...........#.#.#........#
.......#.#.........#.##.#
....##.#.#.#.#.#.#.#.##.#
...) #.#...#...#.#......#
.. #.........#.#.#.#..# .
#######.#.#.###.#..#


You could see an adder.

Vanquished Creatures
  Terence (D:1)
  Robin (D:2)
  A ball python (D:1)
  2 endoplasms (D:1)
  11 goblins
  2 hobgoblins
  4 kobolds
  2 bats (D:1)
  A frilled lizard (D:1)
  A rat (D:1)
26 creatures vanquished.

Notes
Turn   | Place    | Note
-------+----------+-------------------------------------------
     0 | D:1      | Smaepdii the Minotaur Berserker began the quest for the
                  | Orb.
     0 | D:1      | Reached XP level 1. HP: 19/19 MP: 0/0
   259 | D:1      | Reached skill level 4 in Axes
   570 | D:1      | Reached XP level 2. HP: 27/27 MP: 1/1
  1000 | D:2      | Noticed Terence
  1001 | D:2      | Found a sacrificial altar of Ru.
  1001 | D:2      | Noticed Robin
  1207 | D:1      | Killed Terence
  1208 | D:1      | Reached skill level 5 in Axes
  1208 | D:1      | Reached XP level 3. HP: 24/34 MP: 2/2
  1304 | D:2      | Killed Robin
  1398 | D:2      | HP: 1/34 [adder (2)]
  1399 | D:2      | Succumbed to an adder's poison

Illustrated notes

Levels and vault maps discovered:
D:1:      psy_arrival_whirlpool, layout_basic, grunt_decor_one_mirror
D:2:      layout_basic, basic_altar, minmay_misc_feat_plants,
          serial_bayou_lake_a, uniq_terence, uniq_robin, uniq_natasha

Skill      XL: |  1  2 |
---------------+-------+-----
Axes           | 4 5 |  5.2
Fighting       | 4 |  4.4
Armour         | |  2.4
Dodging        | |  2.1

Action                   || total
-------------------------++-------
Melee: Hand axe          ||    39
       Headbutt          ||     2
Invok: Berserk           ||     1
 Stab: Sleeping          ||     1
Armor: Animal skin       ||     4
Dodge: Dodged            ||    23

Table legend: (Time is in decaauts)
 A = Elapsed time spent in this place.
 B = Non-inter-level travel time spent in this place.
 C = Inter-level travel time spent in this place.
 D = Time resting spent in this place.
 E = Time spent auto-exploring this place.
 F = Levels seen in this place.
 G = Mean time per level.
                   A        B        C        D        E       F      G
               +--------+--------+--------+--------+--------+-----+--------+
         Total |   1416 |   1403 |     13 |    406 |    800 |   2 |  708.0 |
       Dungeon |   1416 |   1403 |     13 |    406 |    800 |   2 |  708.0 |
               +--------+--------+--------+--------+--------+-----+--------+

Top non-repeatable levels by time:
     D:1: 1294 daAuts
     D:2: 122 daAuts
